 Dungeon Crawl Stone Soup version 0.30-a0-726-gd89dcf765f (webtiles) character file.

Game seed: 9187928387215268134

4526 Newt the Skirmisher (level 10, -4/76 HPs)
             Began as a Demonspawn Gladiator on Jan 29, 2023.
             Was an Initiate of Hepliaklqana.
             Killed from afar by an acid dragon (23 damage)
             ... with a splash of acid
             ... on level 7 of the Dungeon.
             The game lasted 00:10:36 (7857 turns).

Newt the Skirmisher (Demonspawn Gladiator)          Turns: 7857, Time: 00:10:37

Health: -4/76      AC: 12    Str: 18    XL:     10   Next: 17%
Magic:  14/14      EV: 13    Int:  9    God:    Hepliaklqana [......]
Gold:   452        SH:  9    Dex: 16    Spells: 12/15 levels left

rFire   . . .      SeeInvis .    f - +2 sling (drain)
rCold   . . .      Faith    .    (no shield)
rNeg    . . .      Spirit   .    o - +3 ring mail
rPois   .          Reflect  +    (helmet restricted)
rElec   .          Harm     .    (no cloak)
rCorr   .          Rampage  .    (no gloves)
Will    .....                    (no boots)
Stlth   +                        q - amulet of reflection
HPRegen 0.32/turn                k - +4 ring of protection
MPRegen 0.14/turn                (no ring)

@: corroded
A: antennae 2, icemail 1, spiny 1, condensation shield
a: Renounce Religion


You were on level 7 of the Dungeon.
You worshipped Hepliaklqana.
Hepliaklqana was noncommittal.
You visited 2 branches of the dungeon, and saw 9 of its levels.

You collected 522 gold pieces.
You spent 70 gold pieces at shops.

Inventory:

Hand Weapons
 a - a +0 rapier
 f - a +2 sling of draining (weapon)
Missiles
 e - a javelin
 y - a boomerang
Armour
 b - a +0 leather armour
 c - a +0 helmet
 o - a +3 ring mail (worn)
Jewellery
 k - a +4 ring of protection (left hand)
 n - an amulet of regeneration
 q - an amulet of reflection (around neck)
Wands
 u - a wand of paralysis (6)
 B - a wand of flame (7)
 C - a wand of mindburst (20)
Scrolls
 j - 3 scrolls of noise
 l - 2 scrolls of magic mapping
 p - 4 scrolls of teleportation
 s - a scroll of fog
 v - a scroll of fear
 A - a scroll of summoning
Potions
 g - 3 potions of brilliance
 h - 7 potions of attraction
 i - 2 potions of degeneration
 m - 2 potions of heal wounds
 r - a potion of mutation {unknown}
 t - a potion of haste
 w - a potion of lignification
 x - 2 potions of berserk rage
 z - 2 potions of resistance


   Skills:
 - Level 6.0 Fighting
 - Level 2.6 Short Blades
 + Level 8.7 Ranged Weapons
 - Level 1.7 Throwing
 - Level 5.0 Dodging
 - Level 2.0 Stealth
 - Level 3.0 Spellcasting
 - Level 5.0 Hexes
 - Level 5.0 Translocations
 - Level 0.4 Invocations


You had 12 spell levels left.
You knew the following spells:

 Your Spells              Type           Power      Damage    Failure   Level
a - Portal Projectile     Hex/Tloc       20%        N/A       21%         3

Your spell library contained the following spells:

 Spells                   Type           Power      Damage    Failure   Level
 Lesser Beckoning         Tloc           20%        N/A       11%         2
 Gell's Gravitas          Tloc           10%        N/A       21%         3
 Teleport Other           Tloc           10%        N/A       21%         3
 Necrotise                Necr           4%         1d4       47%         1
 Sandblast                Erth           2%         2d4       47%         1
 Passwall                 Tmut/Erth      0%         N/A       63%         2
 Call Canine Familiar     Summ           1%         N/A       85%         3
 Stone Arrow              Conj/Erth      2%         3d7       85%         3
 Vampiric Draining        Necr           1%         2d6       85%         3
 Leda's Liquefaction      Hex/Erth       2%         N/A       88%         4
 Agony                    Necr           1%         N/A       100%        5


Dungeon Overview and Level Annotations

Branches:
Dungeon (8/15)             Temple (1/1) D:6
   Lair: D:8-11

Altars:
Dithmenos
Fedhas
Gozag
Hepliaklqana
Kikubaaqudgha
Makhleb
Nemelex Xobeh
Okawaru
Qazlal
Ru
Sif Muna
Uskayaw
Wu Jian
Xom
Yredelemnul

Shops:
D:1 !


Innate Abilities, Weirdness & Mutations

You have a pair of antennae on your head.
A meltable icy envelope protects you from harm. (AC +4)
You are partially covered in sharp spines.
A meltable shield of frost defends you. (SH +4)


Message History

The sling bullet hits the acid dragon but does no damage.
You shoot a sling bullet.
The sling bullet hits the acid dragon but does no damage.
You drain the acid dragon.
The acid dragon is lightly wounded.
The acid dragon spits acid at you. The splash of acid hits you!
An efreet comes into view.
It is wielding a +4 scimitar of flaming.
You hear a shout!
You shoot a sling bullet.
The sling bullet closely misses the acid dragon.
The shadow imp gestures at you. Pain shoots through your body!
The shadow imp disappears for a moment.
You block the acid dragon's attack.
The acid dragon claws you but does no damage.
You climb upwards.
There is a stone staircase leading down here.
You shoot a sling bullet. The sling bullet hits the acid dragon.
You drain the acid dragon.
The acid dragon is heavily wounded.
The acid dragon is struck by your spines.
The acid dragon barely misses you. x2
You shoot a sling bullet.
The sling bullet barely misses the acid dragon.
The acid dragon spits acid at you. The splash of acid hits you!
* * * LOW HITPOINT WARNING * * *
The acid corrodes you!
You shoot a sling bullet.
The sling bullet hits the acid dragon but does no damage.
You drain the acid dragon.
The acid dragon is almost dead.
The acid dragon closely misses you. You block the acid dragon's attack.
You shoot a sling bullet.
The sling bullet hits the acid dragon but does no damage.
The acid dragon is almost dead.
The acid dragon spits acid at you. The splash of acid hits you!!
You die...

†.......#######.#
...#..### ##..#
..###.# ##..## ###
#.#### #..##
#####.[..# #.##
...##....# #.#
##.##....# #.#
##.......###.#########
#####...........@....#
# ###..........D...#
#######..............#
.....................#
#######..............#
...# #..............#
.#.# #..............#
.#.# #..............#
.#.# ######.........#


You could see an acid dragon (catching breath, very drained).

Vanquished Creatures
  A centaur warrior (D:7)
  A two-headed ogre (D:7)
  A cyclops (D:7)
  A wraith (D:7)
  Menkaure (D:7)
  3 steam dragons
  Edmund (D:5)
  2 ice beasts
  3 centaurs
  4 phantoms
  3 kobold brigands (D:7)
  A bullfrog (D:7)
  2 scorpions
  3 killer bees
  9 jellies
  A quasit (D:7)
  4 hounds
  Natasha (twice) (D:3)
  2 iguanas (D:6)
  2 orc wizards (D:3)
  6 gnolls
  5 adders
  2 shadow imps
  3 white imps
  5 ufetubi
  A worm (D:2)
  4 dart slugs
  14 orcs
  9 ball pythons
  2 bats
  12 endoplasms
  3 giant cockroaches
  8 goblins
  A hobgoblin (D:4)
  3 jackals (D:2)
  3 quokkas
  2 frilled lizards (D:2)
  14 kobolds
144 creatures vanquished.

Vanquished Creatures (others)
  A steam dragon (D:6)
  5 fungi (D:7)
  10 toadstools (D:7)
16 creatures vanquished.

Grand Total: 160 creatures vanquished

Notes
Turn   | Place    | Note
-------+----------+-------------------------------------------
     0 | D:1      | Newt the Demonspawn Gladiator began the quest for the Orb.
     0 | D:1      | Reached XP level 1. HP: 16/16 MP: 1/1
    54 | D:1      | Reached skill level 1 in Stealth
   189 | D:1      | Gained mutation: You have a pair of small antennae on your
                  | head. [demonic ancestry]
   189 | D:1      | Reached XP level 2. HP: 9/22 MP: 2/2
   418 | D:1      | Found Uhua's Distillery.
   890 | D:2      | Gained mutation: A meltable shield of frost defends you.
                  | (SH +4) [demonic ancestry]
   890 | D:2      | Reached XP level 3. HP: 18/28 MP: 3/3
  1525 | D:2      | Reached XP level 4. HP: 24/37 MP: 4/4
  1684 | D:2      | Found a basalt altar of Yredelemnul.
  2394 | D:1      | Bought a potion of heal wounds for 70 gold pieces
  2512 | D:3      | Noticed Natasha
  2518 | D:3      | Killed Natasha
  2519 | D:3      | Reached skill level 1 in Ranged Weapons
  2596 | D:3      | Noticed a phantom
  2616 | D:3      | Killed a phantom
  2617 | D:3      | Reached skill level 2 in Ranged Weapons
  2617 | D:3      | Gained mutation: You are partially covered in sharp spines.
                  | [demonic ancestry]
  2617 | D:3      | Reached XP level 5. HP: 39/42 MP: 5/5
  2659 | D:3      | Reached skill level 3 in Ranged Weapons
  2907 | D:3      | Gained mutation: You have a pair of antennae on your head.
                  | [demonic ancestry]
  2907 | D:3      | Reached XP level 6. HP: 48/48 MP: 6/6
  2930 | D:3      | Identified the +3 spear of Irphie Radgh {heavy, Str-5
                  | Int+4}
  2934 | D:3      | Noticed Natasha
  3005 | D:3      | Killed Natasha
  3006 | D:3      | Reached skill level 4 in Ranged Weapons
  3273 | D:4      | Found an ornate altar of the Wu Jian Council.
  3609 | D:4      | Reached skill level 5 in Ranged Weapons
  3766 | D:5      | Entered Level 5 of the Dungeon
  3838 | D:5      | Noticed Edmund
  3851 | D:5      | Killed Edmund
  3852 | D:5      | Reached XP level 7. HP: 46/54 MP: 7/7
  4020 | D:5      | Reached skill level 6 in Ranged Weapons
  4092 | D:5      | Reached skill level 7 in Ranged Weapons
  4138 | D:5      | Gained mutation: A meltable icy envelope protects you from
                  | harm. (AC +4) [demonic ancestry]
  4138 | D:5      | Reached XP level 8. HP: 60/60 MP: 8/8
  4234 | D:5      | Found a basalt altar of Yredelemnul.
  4667 | D:6      | Reached skill level 5 in Dodging
  4667 | D:6      | Reached skill level 1 in Spellcasting
  5105 | D:6      | Found a burning altar of Makhleb.
  5139 | D:6      | Reached skill level 1 in Translocations
  5307 | D:6      | Found a staircase to the Ecumenical Temple.
  5424 | Temple   | Entered the Ecumenical Temple
  5449 | Temple   | Became a worshipper of Hepliaklqana the Forgotten
  5858 | D:7      | Reached XP level 9. HP: 65/65 MP: 13/13
  6038 | D:7      | Reached skill level 5 in Translocations
  6042 | D:7      | Learned a level 3 spell: Portal Projectile
  6067 | D:7      | Reached skill level 1 in Hexes
  6721 | D:7      | Noticed Menkaure
  6740 | D:7      | Killed Menkaure
  7104 | D:8      | Noticed a centaur warrior
  7158 | D:8      | Noticed a centaur warrior
  7159 | D:8      | Noticed a two-headed ogre
  7186 | D:8      | Noticed a cyclops
  7203 | D:7      | Killed a two-headed ogre
  7204 | D:7      | Reached skill level 5 in Hexes
  7204 | D:7      | Reached skill level 5 in Fighting
  7463 | D:8      | Noticed a manticore
  7467 | D:8      | Noticed a red ugly thing
  7475 | D:7      | Killed a centaur warrior
  7495 | D:7      | Reached skill level 8 in Ranged Weapons
  7495 | D:7      | Reached XP level 10. HP: 10/76 MP: 14/14
  7829 | D:7      | Killed a cyclops
  7857 | D:7      | Killed from afar by an acid dragon

Illustrated notes

Levels and vault maps discovered:
D:1:      erik_arrival_triangle_large, layout_basic, serial_shops,
          nicolae_shop_behind_doors, hangedman_decor_peaks_small
D:2:      layout_basic, basic_altar
D:3:      layout_rooms, minmay_door_square, uniq_natasha
D:4:      layout_loops_cross, nicolae_wu_jian_wuxing_cycle,
          minmay_increasing_density
D:5:      nicolae_cairo_tiling_large, layout_basic,
          mainiacjoe_overflow_brackets, uniq_edmund
D:6:      cheibrodos_steamvent, layout_loops_corners, amcnicky_altar_gilded,
          minmay_temple_entry_mist
D:7:      cheibrodos_fertilizer, layout_rooms, uniq_menkaure
D:8:      minmay_the_grid_octo_2x2 [minmay_the_grid_octo_odd_swirl,
          minmay_the_grid_octo_pinwheel, minmay_the_grid_octo_77,
          minmay_the_grid_octo_prize_ultimate_mussel_roller], layout_cave_pools,
          gammafunk_temple_overflow_forgotten, dpeg_oklobed_lair,
          serial_demonic, serial_demonic_g, serial_demonic_a, serial_demonic_e,
          serial_demonic_f, serial_demonic_a, serial_demonic_e,
          serial_demonic_b, serial_demonic_a
Temple:   hellmonk_temple_two_chambers

Skill      XL: |  1  2  3  4  5  6  7  8  9 |
---------------+----------------------------+-----
Stealth        | 1 2 |  2.0
Fighting       | 3 4 6 |  6.0
Ranged Weapons | 2 3 5 7 8 |  8.7
Dodging        | 3 5 |  5.0
Spellcasting   | 3 |  3.0
Translocations | 4 5 |  5.0
Hexes          | 5 |  5.0
Short Blades   | |  2.6
Throwing       | |  1.7
Invocations    | |  0.4

Action                     |  1- 3 |  4- 6 |  7- 9 | 10-12 || total
---------------------------+-------+-------+-------+-------++-------
  Melee: Rapier            |   125 |    19 |       |       ||   144
         Punch             |     1 |       |       |       ||     1
         Unarmed           |       |     5 |       |       ||     5
   Fire: Sling             |       |   145 |   326 |    37 ||   508
  Throw: Throwing net      |     3 |       |     2 |       ||     5
         Javelin           |     1 |       |       |       ||     1
  Evoke: Wand              |       |       |     1 |       ||     1
    Use: Scroll            |     3 |     7 |     5 |       ||    15
         Potion            |     2 |     1 |     2 |       ||     5
   Stab: Sleeping          |     1 |     3 |       |       ||     4
         Distracted        |       |     1 |       |       ||     1
 Armour: Leather armour    |    36 |    35 |    21 |       ||    92
         Ring mail         |       |       |    71 |    12 ||    83
  Dodge: Dodged            |    88 |    56 |   161 |    27 ||   332
  Block: Other             |    10 |    16 |   101 |    13 ||   140
         Reflection        |       |       |    11 |       ||    11

Table legend: (Time is in decaauts)
 A = Elapsed time spent in this place.
 B = Non-inter-level travel time spent in this place.
 C = Inter-level travel time spent in this place.
 D = Time resting spent in this place.
 E = Time spent auto-exploring this place.
 F = Levels seen in this place.
 G = Mean time per level.
                   A        B        C        D        E       F      G
               +--------+--------+--------+--------+--------+-----+--------+
         Total |   7970 |   7420 |    550 |   1945 |   4061 |   9 |  885.6 |
       Dungeon |   7935 |   7406 |    529 |   1945 |   4051 |   8 |  991.9 |
        Temple |     34 |     13 |     21 |      0 |     10 |   1 |   34.0 |
               +--------+--------+--------+--------+--------+-----+--------+

Top non-repeatable levels by time:
     D:7: 2008 daAuts
     D:2: 1670 daAuts
     D:6: 1337 daAuts
     D:1: 841 daAuts
     D:5: 737 daAuts
     D:4: 683 daAuts
     D:3: 602 daAuts
     D:8: 54 daAuts
  Temple: 34 daAuts
